Map: Prion Terraces

Players

Dayshi

  • Race: Terran Terran
  • League: Grandmaster

MinChul (MC) - Winner!

  • Race: Protoss Protoss

Event: Homestory Cup XII

VOD

Have the link to the VOD?

Description

Time

  • Played on: Dec. 19, 2015, 5:33 p.m.
  • Length: 9:40

All games in this series

Show
View Real Time Build Order
Export as new Build Order

Dayshi Terran 

Build Orders: MMM Bio 

Get SALT Encoding   

  12  0:01  SCV  
  13  0:13  SCV  
  14  0:17  Supply Depot  
  14  0:25  SCV  
  15  0:39  SCV  
  15  0:40  Barracks  
  16  0:43  Refinery  
  16  0:51  SCV  
  17  1:03  SCV  
  18  1:15  SCV  
  19  1:26  Barracks Reactor  
  19  1:29  Orbital Command  
  19  1:40  Command Center  
  19  1:51  Supply Depot  
  19  1:55  SCV  
  20  2:03  Marine x2  
  22  2:09  Factory  
  22  2:12  SCV  
  23  2:20  Marine x2  
  25  2:24  SCV  
  26  2:33  Refinery  
  26  2:36  SCV  
  27  2:39  Marine x2  
  29  2:48  SCV  
  30  2:52  Orbital Command  
  30  2:54  Factory Tech Lab  
  30  2:58  Marine x2  
  30  3:00  SCV  
  33  3:09  Starport  
  33  3:13  SCV  
  33  3:16  Marine x2  
  36  3:22  Cyclone  
  36  3:23  SCV  
  36  3:25  SCV  
  38  3:35  Marine  
  38  3:36  SCV, Marine  
  38  3:37  SCV  
  42  3:48  SCV  
  42  3:49  SCV  
  43  3:56  Marine x2  
  43  3:58  Supply Depot  
  43  4:00  SCV  
  46  4:05  Barracks  
  46  4:07  Raven  
  45  4:14  Marine  
  45  4:16  Marine  
  45  4:20  SCV x2  
  45  4:28  Factory Reactor  
  45  4:32  SCV x2, Supply Depot, Marine  
  45  4:33  Marine  
  47  4:44  SCV x2, Refinery  
  47  4:49  Marine  
  47  4:51  Marine  
  47  4:52  Command Center  
  49  4:56  SCV  
  49  4:57  Barracks  
  49  4:59  SCV  
  49  5:02  Starport Reactor  
  48  5:08  SCV  
  48  5:11  SCV  
  48  5:12  Bunker  
  48  5:13  Stimpack  
  50  5:14  Marine  
  50  5:17  Marauder  
  50  5:18  Widow Mine  
  50  5:20  SCV  
  56  5:23  SCV, Widow Mine  
  59  5:29  Marine  
  59  5:32  SCV, Marine  
  59  5:34  Supply Depot  
  60  5:43  SCV  
  60  5:45  SCV  
  60  5:49  Barracks Tech Lab, Refinery  
  62  5:55  Widow Mine x2  
  62  5:56  Supply Depot, Medivac x2  
  70  5:57  Supply Depot  
  70  6:07  Combat Shields  
  70  6:11  Liberator  
  70  6:13  SCV, Marauder x2, Marine  
  70  6:14  Orbital Command  
  70  6:17  Liberator  
  76  6:22  Engineering Bay  
  76  6:24  SCV, Engineering Bay  
  80  6:35  SCV  
  84  6:40  Marauder  
  84  6:43  Orbital Command, Marauder  
  84  6:44  Marine  
  84  6:45  Marine  
  90  6:50  Terran Infantry Weapons Level 1  
  90  6:54  Terran Infantry Armor Level 1, SCV  
  90  6:58  Missile Turret  
  92  7:01  Missile Turret  
  92  7:06  SCV  
  92  7:08  Widow Mine x2  
  92  7:13  Bunker  
  92  7:14  Marauder x2  
  100  7:15  Marine  
  101  7:25  Supply Depot  
  101  7:26  Concussive Shells  
  101  7:28  SCV x2  
  101  7:31  Supply Depot  
  101  7:46  Supply Depot, SCV x2, Marine x2  
  101  7:47  Marauder x2  
  101  7:50  SCV  
  109  7:59  SCV  
  109  8:01  Armory  
  109  8:02  Barracks x2  
  109  8:04  Marine  
  100  8:14  Marauder, Marine  
  100  8:19  Marauder  
  96  8:22  SCV x3, Marine  
  94  8:32  Marine  
  94  8:34  SCV  
  88  8:36  Marauder  
  88  8:40  Marine x2  
  88  8:41  Widow Mine  
  73  8:42  Hellion  
  70  8:49  Marine  
  70  8:51  Marine  
  69  8:56  Marine  
  69  8:57  Marine, Marauder  
  69  8:58  Marine  
  71  9:07  Marine  
  71  9:09  Marine  
  61  9:14  Marine  
  61  9:15  Marine  
  61  9:16  Marine  
  61  9:19  Marauder  
Show
View Real Time Build Order
Export as new Build Order

MinChul Protoss - Winner!

Build Orders: 1 Gate Expand, Oracle Opening 

Get SALT Encoding   

  12  0:00  Probe (Chrono Boost)  
  13  0:11  Probe (Chrono Boost)  
  14  0:17  Pylon  
  14  0:22  Probe (Chrono Boost)  
  15  0:35  Probe (Chrono Boost), Gateway  
  16  0:46  Probe (Chrono Boost), Assimilator  
  17  0:56  Probe (Chrono Boost)  
  18  1:07  Probe (Chrono Boost)  
  19  1:20  Nexus  
  19  1:31  Cybernetics Core  
  19  1:34  Probe (Chrono Boost)  
  19  1:39  Assimilator  
  20  1:44  Probe (Chrono Boost)  
  21  1:51  Pylon  
  21  1:55  Probe (Chrono Boost)  
  22  2:05  Probe (Chrono Boost)  
  22  2:08  Warp Gate  
  23  2:09  Stalker (Chrono Boost)  
  25  2:17  Probe  
  26  2:33  Stargate  
  26  2:34  Probe x2  
  26  2:36  Adept (Chrono Boost)  
  29  2:45  Probe  
  29  2:46  Probe  
  31  2:55  Probe  
  31  2:58  Probe  
  33  2:59  Adept (Chrono Boost)  
  35  3:06  Probe  
  35  3:10  Probe  
  37  3:17  Oracle (Chrono Boost)  
  37  3:18  Probe  
  41  3:22  Probe  
  41  3:23  Adept, Pylon  
  42  3:35  Probe  
  42  3:36  Probe  
  44  3:45  Probe  
  46  3:48  Probe  
  49  3:56  Mothership Core, Oracle (Chrono Boost)  
  49  3:59  Nexus  
  49  4:02  Probe  
  50  4:12  Adept  
  50  4:14  Probe  
  50  4:16  Probe  
  52  4:26  Probe x2  
  52  4:27  Assimilator  
  52  4:28  Assimilator  
  51  4:32  Robotics Facility  
  51  4:37  Probe  
  52  4:38  Probe  
  51  4:47  Probe, Adept  
  51  4:51  Pylon  
  54  4:53  Pylon  
  54  4:55  Twilight Council  
  54  5:08  Probe  
  54  5:09  Gateway, Probe  
  54  5:10  Gateway  
  54  5:12  Sentry, Gateway  
  54  5:13  Probe (Chrono Boost)  
  58  5:17  Observer (Chrono Boost)  
  58  5:21  Resonating Glaives (Chrono Boost), Probe x2 (Chrono Boost)  
  61  5:25  Probe (Chrono Boost)  
  61  5:26  Pylon  
  61  5:28  Pylon  
  63  5:31  Pylon  
  63  5:32  Probe x2  
  65  5:35  Observer  
  65  5:39  Sentry  
  65  5:40  Probe  
  69  5:44  Probe x2  
  69  5:48  Gateway, Phoenix (Chrono Boost)  
  69  5:49  Gateway  
  73  5:54  Gateway  
  73  5:56  Gateway  
  73  5:57  Observer  
  74  6:04  Probe x2  
  74  6:05  Probe  
  74  6:06  Assimilator  
  74  6:07  Assimilator  
  74  6:11  Phoenix (Chrono Boost)  
  79  6:13  Immortal, Pylon  
  83  6:24  Adept x4  
  91  6:32  Phoenix (Chrono Boost)  
  93  6:35  Probe x3  
  93  6:39  Pylon  
  96  6:42  Pylon x3  
  96  6:52  Warp Prism  
  102  6:54  Phoenix (Chrono Boost)  
  100  7:01  Adept x5  
  100  7:07  Adept x2  
  100  7:08  Adept  
  118  7:16  Phoenix (Chrono Boost)  
  118  7:31  Adept x7  
  118  7:32  Adept  
  133  7:37  Phoenix (Chrono Boost)  
  135  7:48  Pylon  
  135  7:54  Adept x7  
  149  8:06  Phoenix (Chrono Boost)  
  137  8:17  Adept x8  
  131  8:28  Phoenix (Chrono Boost)  
  126  8:40  Stalker  
  126  8:41  Stalker x7  
  123  9:01  Warp Prism  
  121  9:04  Adept x7  
  121  9:05  Adept  
  120  9:28  Adept x8  
Tags
 
Add a new tag
Caveats
  • Supply blocks, unpowered buildings, or Contaminate may cause inaccurate times.
  • Supply counts are checked every 10 seconds.